 Dungeon Crawl Stone Soup version 0.31-a0-963-ga325b2283a (webtiles) character file.

Game seed: 7179415393763249166

164 Morbidden the Conjurer (level 5, 38/38 HPs)
             Began as a Demonspawn Conjurer on Oct 25, 2023.
             Quit the game on level 3 of the Dungeon.
             The game lasted 00:02:47 (3587 turns).

Morbidden the Conjurer (Demonspawn Conjurer)        Turns: 3587, Time: 00:02:47

Health: 38/38      AC:  4    Str:  7    XL:     5   Next: 21%
Magic:  8/9        EV: 12    Int: 21    God:
Gold:   158        SH:  0    Dex: 12    Spells: 6/9 levels left

rFire   . .          .
                       - Unarmed
rCold   . . .        (no shield)
rNeg    . . .        a - +0 robe
rPois   .            (no helmet)
rElec   .            (no cloak)
rCorr   .            (no gloves)
SInv    .            (no boots)
Will    .....        (no amulet)
Stlth   ++           (no ring)
HPRegen 0.26/turn    (no ring)
MPRegen 0.11/turn

%: no passive effects
@: weak-willed
A: claws 2, icy blue scales 1, demonic magic 1
a: no special abilities


You were on level 3 of the Dungeon.
You visited 1 branch of the dungeon, and saw 3 of its levels.

You collected 158 gold pieces.

Inventory:

Armour
 a - a +0 robe (worn)
Wands
 n - a wand of mindburst (6)
Scrolls
 k - a scroll of blinking
Potions
 b - a potion of magic
 c - a potion of mutation {unknown}
 d - 2 potions of brilliance {unknown}
 e - 2 potions of heal wounds {unknown}
 g - 2 potions of curing {unknown}
 h - 3 potions of attraction {unknown}
 i - 2 potions of berserk rage {unknown}
 j - 2 potions of lignification {unknown}


   Skills:
 * Level 1.8 Fighting
 * Level 2.2 Dodging
 + Level 2.1 Stealth
 * Level 1.0 Unarmed Combat
 * Level 2.7 Spellcasting
 * Level 5.1 Conjurations


You had 6 spell levels left.
You knew the following spells:

 Your Spells              Type           Power      Damage    Failure   Level
a - Magic Dart            Conj           96%        1d7       1%          1
b - Searing Ray           Conj           48%        2d6       2%          2

Your spell library contained the following spells:

 Spells                   Type           Power      Damage    Failure   Level
 Dazzling Flash           Conj/Hex       26%        N/A       14%         3
 Fulminant Prism          Conj/Hex       6%         3d7       43%         4
 Iskenderun's Mystic Bla  Conj/Tloc      13%        2d5       43%         4


Dungeon Overview and Level Annotations

Branches:
Dungeon (3/15)

Altars:
Nemelex Xobeh

Shops:
D:2 :   D:3 [


Innate Abilities, Weirdness & Mutations

You have very sharp fingernails.
You are partially covered in icy blue scales. (AC +2)
Spells you cast may paralyse adjacent enemies.


Message History

Found a stone staircase leading down.
A frilled lizard comes into view.
A frilled lizard is nearby!
A frilled lizard is nearby!
A frilled lizard is nearby!
Casting: Magic Dart (safe; 1% risk of failure)
Confirm with . or Enter, or press ? or * to list all spells.
Aiming: Magic Dart (safe; 1% risk of failure)
Press: ? - help, Shift-Dir - straight line, f - frilled lizard
Aim: a frilled lizard (asleep, 100% to hit)
The magic dart hits the frilled lizard.
You kill the frilled lizard!
Malevolent energies surge around you.
Casting: Magic Dart (safe; 1% risk of failure)
Confirm with . or Enter, or press ? or * to list all spells.
You can't see any susceptible monsters within range! (Use Z to cast anyway.)
Casting: Magic Dart (safe; 1% risk of failure)
Confirm with . or Enter, or press ? or * to list all spells.
You can't see any susceptible monsters within range! (Use Z to cast anyway.) Unknown command.
Are you sure you want to abandon this character and quit the game? (Confirm with "yes".)
Okay, then.
As you read the scroll labelled GUIRAC WOA, it crumbles to dust.
The air around you briefly surges with heat, but it dissipates.
It was a scroll of immolation.
Unknown command.
As you read the scroll labelled DUDEDI FUSOQU, it crumbles to dust.
Magic quickly surges around you.
It was a scroll of vulnerability.
As you read the scroll labelled ZUNAFOSM LUTHY, it crumbles to dust.
You feel aware of your surroundings.
It was a scroll of revelation.
A giant cockroach comes into view.
Unknown command.
As you read the scroll labelled UPYPUU PYNEM, it crumbles to dust.
It is a scroll of identify.
k - a scroll of blinking
As you read the scroll labelled HAACWI MICVA, it crumbles to dust.
It is a scroll of brand weapon.
You aren't carrying any weapons that can be branded.
Unknown command.
Are you sure you want to abandon this character and quit the game? (Confirm with "yes".)

#*,,,,,,,,,***********#.#
#********#.############>#
### #.############.# ..#
*#'############.# #.#
**...########....# #.#
**,....####..†.##.### ..#
**,,.....###.........#
..####,,,...†..##.#.#####.#
.....',,,......'@.#.#...#.#
..####,,,......#..#.#.#.#.#
..# **,,.....###.#.#.#.#.#
..# **,....####.#...#.#.#
### **...#####.#####.#.# #
*#'######.......#.# #
#.######.#####.#.# #
###.######.#.B.#.#.#
#.....# *.#,*,*,#.#


There were no monsters in sight!

Vanquished Creatures
  5 adders
  4 gnolls (D:2)
  3 worms (D:2)
  A dart slug (D:3)
  An orc (D:3)
  A bat (D:3)
  6 endoplasms
  4 giant cockroaches
  11 goblins
  3 hobgoblins
  8 jackals
  7 ball pythons
  2 frilled lizards (D:3)
  3 kobolds
  8 rats
67 creatures vanquished.

Notes
Turn   | Place    | Note
-------+----------+-------------------------------------------
     0 | D:1      | Morbidden the Demonspawn Conjurer began the quest for the
                  | Orb.
     0 | D:1      | Reached XP level 1. HP: 13/13 MP: 3/3
   278 | D:1      | Gained mutation: You have sharp fingernails. [demonic
                  | ancestry]
   278 | D:1      | Reached XP level 2. HP: 19/19 MP: 1/5
   444 | D:1      | Learned a level 2 spell: Searing Ray
  1166 | D:2      | Gained mutation: You have very sharp fingernails. [demonic
                  | ancestry]
  1166 | D:2      | Reached XP level 3. HP: 24/24 MP: 4/6
  1717 | D:2      | Gained mutation: You are partially covered in icy blue
                  | scales. (AC +2) [demonic ancestry]
  1717 | D:2      | Reached XP level 4. HP: 31/31 MP: 1/7
  1876 | D:2      | Reached skill level 5 in Conjurations
  1965 | D:2      | Reached skill level 1 in Fighting
  2035 | D:2      | Found Ceigyn's Book Shoppe.
  2194 | D:2      | Reached skill level 1 in Unarmed Combat
  2723 | D:3      | Found Ulietos's Antique Armour Shop.
  2740 | D:3      | Found a sparkling altar of Nemelex Xobeh.
  2970 | D:3      | Gained mutation: Spells you cast may paralyse adjacent
                  | enemies. [demonic ancestry]
  2970 | D:3      | Reached XP level 5. HP: 38/38 MP: 0/9
  3587 | D:3      | Quit the game

Illustrated notes

Levels and vault maps discovered:
D:1:      lightli_arrival_statuegarden, layout_basic,
          chequers_serial_rivers_micro_b
D:2:      layout_rooms, serial_shops, nicolae_shop_tiny_statue_garden,
          serial_co_window_serial, co_window_of_opportunity_a,
          co_window_paths_a, co_window_of_opportunity_a, co_window_paths_a,
          co_window_paths_a, co_window_paths_b, co_window_corner_a,
          co_window_paths_c, co_window_2corner, co_window_unsneaky_path_c,
          co_window_sun, co_window_4corner_a, glass_columns_a
D:3:      layout_loops_corners, mainiacjoe_overflow_alcove_4, serial_shops,
          shop, roderic_lattice_a, grunt_ministairs_2

Skill      XL: |  1  2  3  4 |
---------------+-------------+-----
Dodging        | 2 |  2.2
Conjurations   | 5 |  5.1
Fighting       | 1 |  1.8
Unarmed Combat | 1 |  1.0
Stealth        | 2 |  2.1
Spellcasting   | |  2.7

Action                     |  1- 3 |  4- 6 || total
---------------------------+-------+-------++-------
  Melee: Unarmed           |    12 |    20 ||    32
   Cast: Magic Dart        |    67 |    75 ||   142
         Searing Ray       |     1 |       ||     1
    Use: Scroll            |       |     5 ||     5
 Armour: Robe              |    10 |    14 ||    24
  Dodge: Dodged            |    12 |    14 ||    26

Table legend: (Time is in decaauts)
 A = Elapsed time spent in this place.
 B = Non-inter-level travel time spent in this place.
 C = Inter-level travel time spent in this place.
 D = Time resting spent in this place.
 E = Time spent auto-exploring this place.
 F = Levels seen in this place.
 G = Mean time per level.
                   A        B        C        D        E       F      G
               +--------+--------+--------+--------+--------+-----+--------+
         Total |   3586 |   3515 |     71 |     20 |   3115 |   3 | 1195.3 |
       Dungeon |   3586 |   3515 |     71 |     20 |   3115 |   3 | 1195.3 |
               +--------+--------+--------+--------+--------+-----+--------+

Top non-repeatable levels by time:
     D:2: 1580 daAuts
     D:1: 1063 daAuts
     D:3: 942 daAuts
